 Dungeon Crawl Stone Soup version 0.30-a0-840-ga523dec638 (webtiles) character file.

Game seed: 14345207995285830146

84 cforsyth the Sneak (level 4, -1/28 HPs)
             Began as a Kobold Brigand on Mar 2, 2023.
             Slain by a jelly (2 damage)
             ... on level 6 of the Dungeon.
             The game lasted 00:02:17 (2299 turns).

cforsyth the Sneak (Kobold Brigand)                 Turns: 2299, Time: 00:02:17

Health: -1/28      AC: -4    Str:  8    XL:     4   Next: 74%
Magic:  4/4        EV: 15    Int: 12    God:
Gold:   155        SH:  0    Dex: 18    Spells: 3/3 levels left

rFire   . . .      SeeInvis .    n - +2 dagger (vamp)
rCold   . . .      Faith    .    (no shield)
rNeg    . . .      Spirit   .    b - +0 robe
rPois   .          Reflect  .    (no helmet)
rElec   .          Harm     .    c - +0 cloak
rCorr   .          Rampage  .    o - +0 pair of gloves
Will    .....                    (no boots)
Stlth   ++++                     (no amulet)
HPRegen 0.24/turn                (no ring)
MPRegen 0.09/turn                (no ring)

@: corroded
A: small, no large weapons, nightstalker 3
a: no special abilities


You were on level 6 of the Dungeon.
You visited 1 branch of the dungeon, and saw 4 of its levels.

You collected 155 gold pieces.

Inventory:

Hand Weapons
 a - a +2 dagger
 n - a +2 vampiric dagger (weapon)
Missiles
 d - 13 poisoned darts (quivered)
 e - 3 curare-tipped darts
Armour
 b - a +0 robe (worn)
 c - a +0 cloak (worn)
 o - a +0 pair of gloves (worn)
Scrolls
 f - 4 scrolls of identify {unknown}
 i - 4 scrolls of poison {unknown}
 m - a scroll of fear {unknown}
 p - a scroll of amnesia {unknown}
 q - a scroll of blinking {unknown}
Potions
 g - a potion of lignification {unknown}
 h - a potion of mutation {unknown}
 j - a potion of haste {unknown}
 k - a potion of might {unknown}
 l - 2 potions of curing {unknown}


   Skills:
 + Level 3.1 Fighting
 + Level 3.8 Short Blades
 - Level 2.1 Throwing
 + Level 2.5 Dodging
 + Level 6.1 Stealth


You had 3 spell levels left.
You didn't know any spells.
Your spell library contained the following spells:

 Spells                   Type           Power      Damage    Failure   Level
 Blink                    Tloc           0%         N/A       45%         2
 Manifold Assault         Tloc           0%         N/A       97%         4
 Storm Form               Tmut/Air       0%         N/A       100%        7


Dungeon Overview and Level Annotations

Branches:
Dungeon (3/15)

Altars:


Innate Abilities, Weirdness & Mutations

You are small and have problems with some larger weapons.
You are completely attuned to the shadows.


Message History

A jelly is nearby!
Found 6 gold pieces.
The jelly quivers.
The jelly hits you but does no damage.
You hit the jelly.
Your hands burn!
The jelly is moderately wounded.
The jelly misses you.
You hit the jelly.
Your hands burn!
The jelly is moderately wounded.
The jelly completely misses you.
You hit the jelly.
Your hands burn!
The jelly is heavily wounded.
The jelly hits you but does no damage.
You hit the jelly.
You feel better. The acid corrodes you!
Your hands burn!
The jelly is heavily wounded.
The jelly closely misses you.
You hit the jelly.
You feel better.
Your hands burn!
The jelly is heavily wounded.
You hit the jelly.
Your hands burn!
The jelly is severely wounded.
The jelly misses you.
You hit the jelly.
You feel better.
Your hands burn!
The jelly is almost dead.
The jelly closely misses you.
You hit the jelly but do no damage.
Your hands burn!
The jelly is almost dead.
The jelly hits you.
You are splashed with acid!
* * * LOW HITPOINT WARNING * * *
You are too injured to fight recklessly!
You are too injured to fight recklessly!
You are too injured to fight recklessly!
You are too injured to fight recklessly!
You are too injured to fight recklessly!
You are too injured to fight recklessly!
You are too injured to fight recklessly!
You hit the jelly. The acid corrodes you!
Your hands burn!
* * * LOW HITPOINT WARNING * * *
The jelly is almost dead.
The jelly hits you.
You die...

......#....
......'....
.....#....
.....##############
....................
....................
....................
....................
..............@....
.$......J...
########... ... ..


You could see a jelly.

Vanquished Creatures
  A hound (D:6)
  4 worms
  5 endoplasms
  A giant cockroach (D:3)
  2 goblins (D:1)
  A hobgoblin (D:2)
  4 jackals
  4 kobolds
  2 quokkas (D:1)
  7 ball pythons
  4 bats
  3 frilled lizards
  7 rats
45 creatures vanquished.

Notes
Turn   | Place    | Note
-------+----------+-------------------------------------------
     0 | D:1      | cforsyth the Kobold Brigand began the quest for the Orb.
     0 | D:1      | Reached XP level 1. HP: 12/12 MP: 1/1
   177 | D:1      | Reached XP level 2. HP: 18/18 MP: 2/2
   793 | D:1      | Reached XP level 3. HP: 22/22 MP: 3/3
  2018 | D:3      | Reached XP level 4. HP: 27/27 MP: 4/4
  2144 | D:3      | Found a faded altar of an unknown god.
  2248 | D:3      | You fall into a shaft and drop 3 floors!
  2274 | D:6      | Reached skill level 6 in Stealth
  2299 | D:6      | HP: 1/28 [acid (5)]
  2299 | D:6      | Slain by a jelly

Illustrated notes

Levels and vault maps discovered:
D:1:      lightli_arrival_flooded_house, layout_basic,
          nicolae_figureground_pulse
D:2:      layout_rooms
D:3:      layout_loops_ring, dreamdust_ecumenical_altar_statues,
          kennysheep_generic_room_15
D:6:      layout_gridville, serial_shops, nicolae_shop_crystal

Skill      XL: |  1  2  3  4 |
---------------+-------------+-----
Short Blades   | 3 |  3.8
Dodging        | 2 |  2.5
Fighting       | 3 |  3.1
Stealth        | 6 |  6.1
Throwing       | |  2.1

Action                     |  1- 3 |  4- 6 || total
---------------------------+-------+-------++-------
  Melee: Dagger            |    97 |    17 ||   114
         Punch             |     1 |       ||     1
   Stab: Sleeping          |    25 |     4 ||    29
         Distracted        |       |     1 ||     1
 Armour: Robe              |     8 |     3 ||    11
  Dodge: Dodged            |    51 |     6 ||    57

Table legend: (Time is in decaauts)
 A = Elapsed time spent in this place.
 B = Non-inter-level travel time spent in this place.
 C = Inter-level travel time spent in this place.
 D = Time resting spent in this place.
 E = Time spent auto-exploring this place.
 F = Levels seen in this place.
 G = Mean time per level.
                   A        B        C        D        E       F      G
               +--------+--------+--------+--------+--------+-----+--------+
         Total |   2279 |   2207 |     72 |    165 |   1701 |   4 |  569.8 |
       Dungeon |   2279 |   2207 |     72 |    165 |   1701 |   4 |  569.8 |
               +--------+--------+--------+--------+--------+-----+--------+

Top non-repeatable levels by time:
     D:1: 1144 daAuts
     D:2: 622 daAuts
     D:3: 463 daAuts
     D:6: 49 daAuts
